 Dungeon Crawl Stone Soup version 0.32-a0-656-g3542139ebd (webtiles) character file.

Game seed: 539896183775460126

3395 CougarLife the Geomancer (level 10, -4/50 HPs)
             Began as a Gargoyle Earth Elementalist on Mar 8, 2024.
             Was a Follower of Vehumet.
             Slain by a slime creature (17 damage)
             ... on level 7 of the Dungeon.
             The game lasted 00:07:34 (7482 turns).

CougarLife the Geomancer (GrEE)                     Turns: 7482, Time: 00:07:35

Health: -4/50      AC: 11    Str: 11    XL:     10   Next: 4%
Magic:  7/21       EV: 11    Int: 21    God:    Vehumet [*.....]
Gold:   323        SH:  0    Dex: 10    Spells: 20/24 levels left

rFire   . . .        n - +0 dagger
rCold   . . .        (no shield)
rNeg    + . .        a - +0 robe
rPois   ∞            (no helmet)
rElec   +            q - +0 cloak
rCorr   .            (no gloves)
SInv    .            I - +0 pair of boots
Will    .....        (no amulet)
Stlth   ++           (no ring)
HPRegen 0.28/turn    (no ring)
MPRegen 0.17/turn

%: no passive effects
@: no status effects
A: sickness immunity, AC +7, negative energy resistance 1, electricity
resistance, torment resistance 1, petrification resistance
a: Renounce Religion


You were on level 7 of the Dungeon.
You worshipped Vehumet.
Vehumet was aware of your devotion.
You visited 2 branches of the dungeon, and saw 8 of its levels.
You also visited: Ossuary.

You collected 323 gold pieces.

Inventory:

Hand Weapons
 n - a +0 dagger (weapon)
Missiles
 o - a throwing net
Armour
 a - a +0 robe (worn)
 q - a +0 cloak (worn)
 I - a +0 pair of boots (worn)
Wands
 E - a wand of acid (6)
 F - a wand of charming (4)
 G - a wand of flame (16)
Scrolls
 d - 4 scrolls of blinking {unknown}
 e - a scroll of silence {unknown}
 h - 8 scrolls of identify {unknown}
 i - a scroll of fear {unknown}
 k - 3 scrolls of immolation {unknown}
 l - a scroll of poison {unknown}
 p - 2 scrolls of amnesia {unknown}
 s - 3 scrolls of revelation {unknown}
 t - 3 scrolls of vulnerability {unknown}
 x - a scroll of torment {unknown}
 y - a scroll of fog {unknown}
 D - 2 scrolls of teleportation {unknown}
 H - a scroll of enchant weapon {unknown}
Potions
 b - a potion of magic
 c - 2 potions of brilliance {unknown}
 f - 3 potions of heal wounds {unknown}
 g - a potion of invisibility {unknown}
 j - 2 potions of enlightenment {unknown}
 m - 3 potions of mutation {unknown}
 r - a potion of curing {unknown}
 u - a potion of lignification {unknown}
 v - 4 potions of degeneration {unknown}
 w - 2 potions of haste {unknown}
 z - a potion of resistance {unknown}
 A - 2 potions of attraction {unknown}
 B - a potion of berserk rage {unknown}
 C - 2 potions of might {unknown}


   Skills:
 - Level 1.5 Dodging
 - Level 2.1 Stealth
 + Level 7.7 Spellcasting
 + Level 8.8 Conjurations
 + Level 10.2 Earth Magic


You had 20 spell levels left.
You knew the following spells:

 Your Spells              Type           Power      Damage    Failure   Level
a - Sandblast             Erth           100%       2d20      1%          1
b - Stone Arrow           Conj/Erth      96%        3d13      1%          3

Your spell library contained the following spells:

 Spells                   Type           Power      Damage    Failure   Level
 Shock                    Conj/Air       100%       1d9       1%          1
 Sting                    Conj/Alch      100%       1d9       1%          1
 Momentum Strike          Conj/Tloc      52%        3d9       1%          2
 Passwall                 Erth           50%        N/A       1%          3
 Brom's Barrelling Bould  Conj/Erth      48%        2d7       1%          4
 Apportation              Tloc           16%        N/A       9%          1
 Necrotise                Necr           32%        1d5       9%          1
 Summon Small Mammal      Summ           32%        N/A       9%          1
 Petrify                  Alch/Erth      29%        N/A       10%         4
 Blink                    Tloc           16%        N/A       12%         2
 Lesser Beckoning         Tloc           16%        N/A       12%         2
 Mercury Vapours          Alch/Air       16%        N/A       12%         2
 Tukima's Dance           Hex            8%         N/A       24%         3
 Olgreb's Toxic Radiance  Alch           8%         N/A       63%         4
 Passage of Golubria      Tloc           8%         N/A       63%         4
 Yara's Violent Unravell  Hex/Alch       4%         3d4       92%         5
 Chain Lightning          Conj/Air       13%        3d17      100%        9
 Fire Storm               Conj/Fire      13%        8d3       100%        9
 Shatter                  Erth           25%        3d21*     100%        9


Dungeon Overview and Level Annotations

Branches:
Dungeon (7/15)             Temple (1/1) D:4         Ossuary (visited)

Altars:
Ashenzari
Cheibriados
Dithmenos
Gozag
Hepliaklqana
Kikubaaqudgha
Makhleb
Ru
Sif Muna
Trog
Uskayaw
Vehumet
Xom
Yredelemnul
Zin
The Shining One

Shops:
D:3 *   D:4 [


Innate Abilities, Weirdness & Mutations

You are immune to sickness and miasma.
Your stone body is resilient. (AC +7)
You are immune to poison.
You resist negative energy. (rN+)
You are resistant to electric shocks. (rElec)
You are resistant to unholy torment.
You are immune to petrification.


Message History

Confirm with . or Enter, or press ? or * to list all spells.
Aiming: Stone Arrow (safe; 1% risk of failure)
Press: ? - help, Shift-Dir - straight line, f/p - hornet
Aim: a hornet (heavily wounded, 64% to hit)
The stone arrow hits the hornet!!
You kill the hornet!
Vehumet accepts your kill.
You have reached level 10!
Casting: Stone Arrow (safe; 1% risk of failure)
Confirm with . or Enter, or press ? or * to list all spells.
You can't see any susceptible monsters within range! (Use Z to cast anyway.) Unknown command.
Things that are here:
a +0 shortbow; a hornet corpse; a centaur corpse
Casting: Stone Arrow (safe; 1% risk of failure)
Confirm with . or Enter, or press ? or * to list all spells.
Aiming: Sandblast (safe; 1% risk of failure)
Press: ? - help, Shift-Dir - straight line, f - slime creature
Aim: a slime creature (97% to hit)
The blast of sand hits the slime creature.
The slime creature is lightly wounded.
Casting: Sandblast (safe; 1% risk of failure)
Confirm with . or Enter, or press ? or * to list all spells.
Aiming: Sandblast (safe; 1% risk of failure)
Press: ? - help, Shift-Dir - straight line, f/p - slime creature
Aim: a slime creature (lightly wounded, 97% to hit)
The blast of sand hits the slime creature.
The slime creature is lightly wounded.
The slime creature hits you!
Casting: Sandblast (safe; 1% risk of failure)
Confirm with . or Enter, or press ? or * to list all spells.
Aiming: Stone Arrow (safe; 1% risk of failure)
Press: ? - help, Shift-Dir - straight line, f/p - slime creature
Aim: a slime creature (lightly wounded, 95% to hit)
The stone arrow misses the slime creature.
The slime creature hits you!
* * * LOW HITPOINT WARNING * * *
The slime creature attacks as it pursues you!
The slime creature hits you!
You die...

##. #.. #.. ##.####
..#... #..##.# ..#...
###.#..####......
#.....#..#..#....
######..).#..#.#o.#
.......<#....#..#
..##....@J......#.#..!
##...#.......<...).
#..#.....##.##.##..
#....#........# #
#...#...#....##
##..##.##.###..
####..#### ... ... #.


You could see a slime creature.

Vanquished Creatures
  Pikel (D:6)
  A hornet (D:7)
  Menkaure (D:5)
  Edmund (D:4)
  A water moccasin (D:6)
  An orc warrior (D:6)
  3 black bears
  2 ice beasts
  2 ogres
  A centaur (D:7)
  3 lemures (D:6)
  A kobold brigand (D:7)
  8 scorpions (Ossuary)
  2 howler monkeys (D:5)
  6 centaur zombies (Ossuary)
  A bombardier beetle (D:5)
  3 human zombies (Ossuary)
  3 orc priests
  A gnoll bouda (D:5)
  2 hounds (D:6)
  An iguana (D:6)
  An orc wizard (D:6)
  6 scorpion zombies (Ossuary)
  3 mummies (Ossuary)
  10 gnolls
  6 adders
  3 adder zombies (Ossuary)
  4 dart slugs
  A ribbon worm (D:5)
  20 orcs
  7 ball pythons
  4 endoplasms
  3 giant cockroaches
  A gnoll zombie (Ossuary)
  4 goblins
  8 hobgoblins
  4 jackals (D:4)
  8 kobolds
  4 quokkas
  2 ball python zombies (Ossuary)
  7 bats
  4 frilled lizards
  4 orc zombies (Ossuary)
  3 rats
162 creatures vanquished.

Notes
Turn   | Place    | Note
-------+----------+-------------------------------------------
     0 | D:1      | CougarLife the Gargoyle Earth Elementalist began the quest
                  | for the Orb.
     0 | D:1      | Reached XP level 1. HP: 10/10 MP: 3/3
   166 | D:1      | Reached XP level 2. HP: 15/15 MP: 1/5
   327 | D:1      | Reached skill level 4 in Earth Magic
   496 | D:1      | Found a faded altar of an unknown god.
   783 | D:1      | Reached XP level 3. HP: 19/19 MP: 4/6
  2116 | D:3      | Found Ekek's Assorted Antiques.
  2300 | D:3      | Reached XP level 4. HP: 16/24 MP: 3/8
  2588 | D:4      | Noticed a black bear
  2850 | D:4      | Reached XP level 5. HP: 28/28 MP: 7/9
  2857 | D:4      | Noticed Edmund
  2868 | D:4      | Killed Edmund
  2869 | D:4      | Reached skill level 5 in Earth Magic
  2869 | D:4      | Reached XP level 6. HP: 5/32 MP: 0/11
  2870 | D:4      | Found a sand-covered staircase.
  2881 | Ossuary  | Entered an ossuary
  3151 | Ossuary  | Learned a level 3 spell: Stone Arrow
  3267 | Ossuary  | Reached skill level 6 in Earth Magic
  3267 | Ossuary  | Reached XP level 7. HP: 19/36 MP: 8/13
  3517 | Ossuary  | Reached skill level 5 in Conjurations
  3675 | Ossuary  | Reached skill level 5 in Spellcasting
  3675 | Ossuary  | Reached skill level 7 in Earth Magic
  3794 | Ossuary  | Reached XP level 8. HP: 41/41 MP: 10/15
  4262 | D:4      | Found a shimmering altar of Xom.
  4345 | D:4      | Found Geseu's Antique Armour Emporium.
  4432 | D:4      | Reached skill level 8 in Earth Magic
  4811 | D:4      | Found an ancient bone altar of Kikubaaqudgha.
  5051 | D:4      | Found a staircase to the Ecumenical Temple.
  5060 | Temple   | Entered the Ecumenical Temple
  5076 | Temple   | Became a worshipper of Vehumet
  5115 | D:5      | Entered Level 5 of the Dungeon
  5202 | D:5      | Noticed Menkaure
  5206 | D:5      | Killed Menkaure
  5207 | D:5      | Reached XP level 9. HP: 35/45 MP: 14/18
  5631 | D:5      | Reached * piety under Vehumet
  5631 | D:5      | Offered knowledge of Shock by Vehumet.
  5983 | D:6      | Reached skill level 9 in Earth Magic
  6334 | D:6      | Noticed Pikel
  6352 | D:6      | Killed Pikel
  6439 | D:6      | Found a hazy altar of Hepliaklqana.
  7296 | D:7      | Noticed a hornet
  7405 | D:7      | Reached skill level 10 in Earth Magic
  7477 | D:7      | Killed a hornet
  7478 | D:7      | Reached XP level 10. HP: 40/50 MP: 11/21
  7482 | D:7      | Slain by a slime creature

Illustrated notes

Levels and vault maps discovered:
D:1:      elethiomel_arrival_infinity_welcomes_careful_drivers, layout_rooms,
          shapermc_ecumenical_altar_ellora, chequers_serial_rivers_small_b
D:2:      layout_basic
D:3:      layout_rooms, serial_shops, nicolae_shop_tiny_glass
D:4:      kennysheep_six_static_rooms, layout_basic, xom_teletrap_fun,
          nicolae_overflow_crystal_walls, temple_hall, portal_sewer_entry_d,
          serial_shops, kennysheep_mini_moat,
          lightli_ossuary_entry_decrepit_ruins, dk_noncrumbling_4,
          hex_intersection, uniq_edmund
D:5:      layout_loops_ring, minmay_misc_feat_tower, uniq_menkaure
D:6:      layout_loops_corners, worldfamousw_hep_ancestral_shrine, uniq_pikel
D:7:      minmay_the_grid_square_5x5_3x3 [minmay_the_grid_square_5x5_hourglass,
          minmay_the_grid_square_5x5_comb,
          minmay_the_grid_square_5x5_sharp_hourglass,
          minmay_the_grid_square_5x5_hollow_slash,
          minmay_the_grid_square_5x5_megaprize_crossed,
          minmay_the_grid_square_5x5_v, minmay_the_grid_square_5x5_mess,
          minmay_the_grid_square_5x5_half_checkered,
          minmay_the_grid_square_5x5_plus], layout_layer_cave, item_on_display_a
Temple:   oiseaux_autumnal_temple

Skill      XL: |  1  2  3  4  5  6  7  8  9 |
---------------+----------------------------+-----
Earth Magic    | 4 5 6 7 8 10 | 10.2
Conjurations   | 2 3 4 5 7 8 |  8.8
Spellcasting   | 3 4 5 6 7 |  7.7
Dodging        | |  1.5
Stealth        | |  2.1

Action                     |  1- 3 |  4- 6 |  7- 9 | 10-12 || total
---------------------------+-------+-------+-------+-------++-------
  Melee: Unarmed           |    10 |       |       |       ||    10
         Dagger            |       |     2 |     4 |       ||     6
   Cast: Sandblast         |    55 |    57 |   197 |     2 ||   311
         Stone Arrow       |       |       |    13 |     1 ||    14
 Armour: Robe              |    18 |    87 |   144 |     3 ||   252
  Dodge: Dodged            |    12 |    54 |    89 |       ||   155

Table legend: (Time is in decaauts)
 A = Elapsed time spent in this place.
 B = Non-inter-level travel time spent in this place.
 C = Inter-level travel time spent in this place.
 D = Time resting spent in this place.
 E = Time spent auto-exploring this place.
 F = Levels seen in this place.
 G = Mean time per level.
                   A        B        C        D        E       F      G
               +--------+--------+--------+--------+--------+-----+--------+
         Total |   7645 |   7315 |    330 |   1510 |   4504 |   9 |  849.4 |
       Dungeon |   6308 |   6008 |    300 |    662 |   4503 |   7 |  901.1 |
        Temple |     32 |      2 |     30 |      0 |      0 |   1 |   32.0 |
       Ossuary |   1304 |   1304 |      0 |    848 |      1 |   1 | 1304.0 |
               +--------+--------+--------+--------+--------+-----+--------+

Top non-repeatable levels by time:
     D:6: 1384 daAuts
 Ossuary: 1304 daAuts
     D:4: 1092 daAuts
     D:1: 1029 daAuts
     D:5: 970 daAuts
     D:2: 934 daAuts
     D:3: 839 daAuts
     D:7: 58 daAuts
  Temple: 32 daAuts
